 Dungeon Crawl Stone Soup version 0.30-a0-782-ge64f9170bb (webtiles) character file.

Game seed: 12911086267829727796

79 Crownlay the Digger (level 4, -3/24 HPs)
             Began as a Gargoyle Earth Elementalist on Mar 12, 2023.
             Killed by divine providence
             ... invoked by an orc priest
              (12 damage)
             ... on level 3 of the Dungeon.
             The game lasted 00:03:39 (2299 turns).

Crownlay the Digger (Gargoyle Earth Elementalist)   Turns: 2299, Time: 00:03:39

Health: -3/24      AC:  5    Str: 12    XL:     4   Next: 37%
Magic:  4/8        EV: 11    Int: 17    God:
Gold:   155        SH:  0    Dex: 10    Spells: 5/9 levels left

rFire   . . .      SeeInvis .    c - +3 short sword
rCold   + . .      Faith    .    (no shield)
rNeg    + . .      Spirit   .    a - +0 robe
rPois   ∞          Reflect  .    (no helmet)
rElec   +          Harm     .    (no cloak)
rCorr   .          Rampage  .    (no gloves)
Will    .....                    (no boots)
Stlth   ++                       (no amulet)
HPRegen 0.24/turn                j - ring of wizardry
MPRegen 0.11/turn                i - ring of protection from cold

@: no status effects
A: sickness immunity, AC +3, negative energy resistance 1, electricity
resistance, torment resistance 1, petrification resistance
a: no special abilities


You were on level 3 of the Dungeon.
You visited 1 branch of the dungeon, and saw 3 of its levels.

You collected 167 gold pieces.
You spent 12 gold pieces at shops.

Inventory:

Hand Weapons
 c - a +3 short sword (weapon)
Armour
 a - a +0 robe (worn)
Jewellery
 i - a ring of protection from cold (right hand)
 j - a ring of wizardry (left hand)
Wands
 m - a wand of paralysis (10)
Scrolls
 f - 3 scrolls of teleportation {unknown}
 k - a scroll of fear {unknown}
 l - a scroll of noise
Potions
 b - 2 potions of magic
 d - 2 potions of haste {unknown}
 e - a potion of might {unknown}
 g - a potion of flight {unknown}
 h - a potion of brilliance {unknown}


   Skills:
 - Level 1.5 Dodging
 - Level 2.1 Stealth
 + Level 3.2 Spellcasting
 - Level 0.7 Transmutations
 + Level 5.0 Earth Magic


You had 5 spell levels left.
You knew the following spells:

 Your Spells              Type           Power      Damage    Failure   Level
a - Sandblast             Erth           38%        2d10      1%          1
b - Stone Arrow           Conj/Erth      22%        3d8       8%          3

Your spell library contained the following spells:

 Spells                   Type           Power      Damage    Failure   Level
 Passwall                 Tmut/Erth      10%        N/A       3%          2
 Kiss of Death            Conj/Necr      8%         2d6       7%          1
 Ensorcelled Hibernation  Hex/Ice        4%         N/A       11%         2
 Spider Form              Tmut/Pois      3%         N/A       17%         3
 Petrify                  Tmut/Erth      12%        N/A       21%         4
 Anguish                  Hex/Necr       1%         N/A       52%         4


Dungeon Overview and Level Annotations

Branches:
Dungeon (3/15)

Altars:
Ashenzari

Shops:
D:1 (   D:3 ?


Innate Abilities, Weirdness & Mutations

You are immune to sickness and miasma.
Your stone body is resilient. (AC +3)
You are immune to poison.
You resist negative energy. (rN+)
You are resistant to electric shocks. (rElec)
You are resistant to unholy torment.
You are immune to petrification.


Message History

a +0 short sword; 3 stones An orc priest comes into view.
It is wielding a +0 club.
An orc priest is nearby!
An orc priest is nearby!
An orc priest is nearby!
Found 2 stones.
The orc priest shouts!
An orc comes into view. It is wielding a +0 hand axe.
The orc priest casts a cantrip, but nothing happens.
A hobgoblin comes into view.
The hobgoblin shouts!
You hear a shout!
The orc shouts!
An orc wizard comes into view. It is wielding a +0 dagger.
The orc priest looks encouraged for a moment.
An orc comes into view. It is wielding a +0 club.
The blast of sand hits the orc priest but does no damage.
The blast of sand hits the orc.
The orc is severely wounded.
The orc priest calls down the wrath of Beogh upon you.
Beogh smites you!
The blast of sand hits the orc!
You kill the orc!
The blast of sand hits the orc priest but does no damage.
The orc priest hits you with a +0 club.
You are too injured to fight recklessly!
You are too injured to fight recklessly!
You are too injured to fight recklessly!
The orc priest attacks as you move away!
The orc priest hits you with a +0 club.
You see here a +0 scale mail.
Casting: Sandblast (safe; 1% risk of failure)
Confirm with . or Enter, or press ? or * to list all spells.
Aiming: Sandblast (safe; 1% risk of failure)
Press: ? - help, Shift-Dir - straight line, f/p - orc priest
Aim: an orc priest, wielding a +0 club and wearing a +0 scale mail (84% to hit)
The blast of sand hits the orc priest.
The orc priest is lightly wounded.
The orc priest invokes the aid of Beogh against you.
Beogh smites you!
Ouch! That really hurt!
You die... ..+ .. ..# .. ..# PP o# #.# P.P

.# #.# . P.P#######o# #.#####
#######. P....#...).
#.#...###.......
P.P#.#...o#####.#.........##..
.P.......ogo@................
P.P##......####..#.#.#...##...
P.P###....### #..#.#.#.....)..
P.P.........###..#.#....#..†..
...P##............#.##........#


PPP ###.###.###.##.##.#...##.# .P# #.## .#....#..#.##...#.. PP####..#
.#.#..##.#.##...#.# #...##..# #.#.....#.##...... You could see an orc priest, an
orc wizard, an orc and a hobgoblin.

Vanquished Creatures
  An adder (D:2)
  2 worms (D:2)
  An orc (D:3)
  6 endoplasms
  7 giant cockroaches
  3 goblins
  8 hobgoblins
  A quokka (D:3)
  A ball python (D:2)
  5 bats (D:1)
  6 frilled lizards
  13 kobolds
  3 rats
57 creatures vanquished.

Vanquished Creatures (others)
  2 fungi (D:2)
  A plant (D:2)
3 creatures vanquished.

Grand Total: 60 creatures vanquished

Notes
Turn   | Place    | Note
-------+----------+-------------------------------------------
     0 | D:1      | Crownlay the Gargoyle Earth Elementalist began the quest
                  | for the Orb.
     0 | D:1      | Reached XP level 1. HP: 10/10 MP: 3/3
   139 | D:1      | Reached skill level 4 in Earth Magic
   139 | D:1      | Reached XP level 2. HP: 15/15 MP: 0/5
   203 | D:1      | Found Ruextec's Antique Weapon Shoppe.
   596 | D:1      | Reached XP level 3. HP: 19/19 MP: 3/6
  1278 | D:2      | Learned a level 3 spell: Stone Arrow
  1481 | D:2      | Found a faded altar of an unknown god.
  1484 | D:2      | Got Plato's Anthology of Arcane Combat
  1623 | D:2      | Identified the +0 dagger of Moral Flaws {speed, rPois}
  1626 | D:2      | Reached XP level 4. HP: 24/24 MP: 5/8
  2097 | D:3      | Found Bireeb's Magic Scroll Boutique.
  2113 | D:3      | Bought a scroll of noise for 12 gold pieces
  2195 | D:3      | Reached skill level 5 in Earth Magic
  2211 | D:3      | Found a broken altar of Ashenzari.
  2299 | D:3      | Killed from afar by an orc priest

Illustrated notes

Levels and vault maps discovered:
D:1:      dpeg_arrival_radiant, layout_loops_cross, serial_shops,
          nicolae_shop_competitors_out_of_business
D:2:      layout_loops_cross, shapermc_ecumenical_altar_rom_forum,
          dreamdust_princess_bridge, lemuel_flame_loot_1
D:3:      layout_basic, nicolae_ashenzari_skybound, serial_shops, shop,
          minmay_hedge_maze

Skill      XL: |  1  2  3  4 |
---------------+-------------+-----
Earth Magic    | 4 5 |  5.0
Spellcasting   | 3 |  3.2
Dodging        | |  1.5
Stealth        | |  2.1
Transmutations | |  0.7

Action                     |  1- 3 |  4- 6 || total
---------------------------+-------+-------++-------
  Melee: Unarmed           |     6 |       ||     6
         Short sword       |     1 |       ||     1
   Cast: Sandblast         |    70 |    16 ||    86
 Armour: Robe              |    13 |     1 ||    14
  Dodge: Dodged            |    28 |     1 ||    29

Table legend: (Time is in decaauts)
 A = Elapsed time spent in this place.
 B = Non-inter-level travel time spent in this place.
 C = Inter-level travel time spent in this place.
 D = Time resting spent in this place.
 E = Time spent auto-exploring this place.
 F = Levels seen in this place.
 G = Mean time per level.
                   A        B        C        D        E       F      G
               +--------+--------+--------+--------+--------+-----+--------+
         Total |   2339 |   2295 |     44 |      0 |   1976 |   3 |  779.7 |
       Dungeon |   2339 |   2295 |     44 |      0 |   1976 |   3 |  779.7 |
               +--------+--------+--------+--------+--------+-----+--------+

Top non-repeatable levels by time:
     D:1: 1127 daAuts
     D:2: 1003 daAuts
     D:3: 208 daAuts
